 Dungeon Crawl Stone Soup version 0.29-a0-330-g52719c12eb (webtiles) character file.

Game seed: 9029672576932980897

527 Crownlay the Magician (level 7, -6/43 HPs)
             Began as an Octopode Transmuter on May 7, 2022.
             Succumbed to a gnoll sergeant's poison
             ... on level 3 of the Dungeon.
             The game lasted 00:16:01 (4703 turns).

Crownlay the Magician (Octopode Transmuter)         Turns: 4703, Time: 00:16:01

Health: -6/43      AC:  2    Str:  9    XL:     7   Next: 23%
Magic:  12/14      EV: 19    Int: 23    God:
Gold:   195        SH:  0    Dex: 18    Spells: 11/15 levels left

rFire   + . .      SeeInvis .     - Unarmed
rCold   . . .      Faith    .   (shield currently unavailable)
rNeg    . . .      Spirit   .   (helmet currently unavailable)
rPois   x          Reflect  .   (no amulet)
rElec   .          Harm     .   I - +6 ring of intelligence
rCorr   .          Rampage  .   F - ring of protection from fire
Will    .....                   (no ring)
Stlth   ++........              (no ring)
HPRegen 0.14/turn               (no ring)
MPRegen 0.14/turn               (no ring)
                                (no ring)
                                (no ring)

@: lethally poisoned (-6 -> -37), spider-form
A: venomous fangs, almost no armour, (amphibious), 8 rings, tiny, (camouflage
1), (gelatinous body 1), (nimble swimmer 1), (tentacles)
a: End Transformation


You were on level 3 of the Dungeon.
You were a venomous arachnid creature.
You visited 1 branch of the dungeon, and saw 4 of its levels.

You collected 195 gold pieces.


Innate Abilities, Weirdness & Mutations

You are a venomous arachnid creature.
You have poisonous fangs.
You are tiny and dextrous.
Your spellcasting is less reliable in this form.
Your armour is entirely melded.
You are incapable of wielding weapons or throwing items.
You cannot wear most types of armour.
((You are amphibious.))
You can wear up to eight rings at the same time.
((Your skin changes colour to match your surroundings (Stealth+).))
((Your rubbery body absorbs attacks. (AC +1, EV +1)))
((You are camouflaged when in or above water. (Stealth+)))
((You have tentacles for arms and can constrict up to eight enemies at once.))


   Skills:
 - Level 1.0 Fighting
 - Level 2.0 Dodging
 + Level 4.4 Unarmed Combat
 * Level 4.7 Spellcasting
 + Level 3.7 Transmutations
 + Level 3.6 Poison Magic


You had 11 spell levels left.
You knew the following spells:

 Your Spells              Type           Power      Damage    Failure   Level
b - Beastly Appendage     Tmut           44%        N/A       8%          1
s - Spider Form           Tmut/Pois      22%        N/A       17%         3

Your spell library contained the following spells:

 Spells                   Type           Power      Damage    Failure   Level
 Wereblood                Tmut           22%        N/A       11%         2
 Gell's Gravitas          Tloc           5%         N/A       50%         3
 Lesser Beckoning         Tloc           5%         N/A       50%         3
 Teleport Other           Tloc           5%         N/A       50%         3
 Ice Form                 Ice/Tmut       14%        N/A       63%         4

Inventory:

Missiles
 b - 3 poisoned darts
 c - 82 stones
 f - a boomerang (quivered)
Armour
 k - the +2 hat of Shielding (melded) {Str+4}
   (You acquired it on level 2 of the Dungeon)

   Str:       It affects your strength (+4).
Jewellery
 r - an amulet of magic regeneration
   (You found it on level 3 of the Dungeon)
 F - a ring of protection from fire (right front leg)
   (You found it on level 3 of the Dungeon)
 I - a +6 ring of intelligence (left front leg)
   (You found it on level 2 of the Dungeon)
Wands
 q - a wand of flame (27)
   (You found it on level 3 of the Dungeon)
Scrolls
 d - a scroll of enchant weapon
 g - a scroll of identify {@r1}
 l - a scroll of blinking {unknown}
 p - a scroll of teleportation {unknown}
 s - a scroll of amnesia {unknown}
Potions
 a - a potion of lignification {!q}
 e - a potion of resistance
 h - a potion of attraction {unknown}
 i - a potion of might
 j - a potion of curing {@q1}
 m - 2 potions of mutation {unknown}
 n - 3 potions of heal wounds {unknown}
 o - a potion of flight {unknown}

Dungeon Overview and Level Annotations

Branches:
Dungeon (4/15)
 Temple: D:4-7

Altars:
Hepliaklqana
Qazlal
Trog

......######.# #####
#####.##...#.# # #..+...'.# #
#..#...######################
#..'...'..[....)..........#..
#.##...###................'..
#.##...# #..[.###########.#.≈
#.##...# #....# #.#..
#.##...# #..s.###########.#..
#.##...###.>............'.#..
#.#.......g<..###########.#..
#.#.######.##############.#..
#.#.#.# #..............'.#..
#.#.#.###################<#..
#####.#.#......# #)#..
......#.#.####.# #.#..
.######.#.# #.# #.###


You could see a gnoll (very poisoned).


Message History

Your transformation is almost over.
There is a stone staircase leading down here.
MP[+1]
Your mp is fully restored (13).
You hit the hound but do no damage.
The hound is poisoned.
The hound completely misses you.
You hit the hound.
The hound looks as sick as possible!
The hound closely misses you.
You barely miss the hound. The hound completely misses you.
The hound barely misses you.
HP[+1]
You hit the hound.
The hound looks as sick as possible!
You kill the hound!
Unknown command.
Your transformation has ended.
The +2 hat of Shielding {Str+4} unmelds from your body.
Done exploring.
HP[+14] MP[+1]
You regained 14 hp, and now have 38/43 hp.
Your mp is fully restored (14).
Done exploring.
Done exploring.
Unknown command.
Done exploring.
You start resting.
HP[+5]
Your hp is fully restored (43).
Casting: Spider Form (dangerous; 6% risk of failure)
Confirm with . or Enter, or press ? or * to list all spells.
You turn into a venomous arachnid creature.
The +2 hat of Shielding {Str+4} melds into your body.
MP[-3]
You lost 3 mp, and now have 11/14 mp.
You can't go up here!
You climb downwards.
The gnoll closely misses you.
The gnoll hits you from afar with a +0 spear.
The gnoll hits you but does no damage.
There is a stone staircase leading up here.
HP[-1]
You take 1 damage, and now have 42/43 hp.
You hit the gnoll.
Your transformation is almost over.
The gnoll closely misses you. x2
You hit the gnoll. The gnoll completely misses you.
The gnoll closely misses you. The gnoll sergeant barely misses you.
The gnoll hits you with a +0 club. The gnoll completely misses you.
The gnoll sergeant misses you.
You climb upwards.
There is a stone staircase leading down here.
HP[-5] MP[+1]
You take 5 damage, and now have 37/43 hp.
The gnoll attacks as you move away! The gnoll misses you.
You completely miss the gnoll. You bite the gnoll!
You kill the gnoll!
There is a stone staircase leading down here.
You see here a +0 club.
There is a stone staircase leading up here.
Your transformation has ended.
The +2 hat of Shielding {Str+4} unmelds from your body.
You start resting.
HP[+1] MP[+1]
You start resting.
HP[+1] MP[+1]
Your mp is fully restored (14).
You start resting.
HP[+4]
Your hp is fully restored (43).
Casting: Spider Form (dangerous; 6% risk of failure)
Confirm with . or Enter, or press ? or * to list all spells.
You turn into a venomous arachnid creature.
The +2 hat of Shielding {Str+4} melds into your body.
MP[-3]
You lost 3 mp, and now have 11/14 mp.
There is a stone staircase leading down here.
You see here a +0 club.
You climb downwards.
The gnoll closely misses you.
There is a stone staircase leading up here.
You hit the gnoll.
The gnoll is poisoned.
The gnoll sergeant hits you from afar with a +3 spear of venom!
You are poisoned.
The gnoll misses you.
HP[-11]
You take 11 damage, and now have 32/43 hp.
MASSIVE DAMAGE!! (PAUSE)
You feel very sick.
The gnoll sergeant hits you from afar with a +3 spear of venom!
* * * LOW HITPOINT WARNING * * *
You are more poisoned.
The gnoll closely misses you. The gnoll barely misses you.
You climb upwards.
* * * LOW HITPOINT WARNING * * *
You feel extremely sick.
There is a stone staircase leading down here.
You see here a +0 club.
HP[-31] MP[+1]
You take 31 damage, and now have 1/43 hp.
MASSIVE DAMAGE!! (PAUSE)
The gnoll attacks as you move away! The gnoll barely misses you.
You die...

Skill      XL: |  1  2  3  4  5  6 |
---------------+-------------------+-----
Poison Magic   | 1 2 3 |  3.6
Spellcasting   | 3 4 |  4.7
Transmutations | 3 |  3.7
Unarmed Combat | 4 |  4.4
Fighting       | |  1.0
Dodging        | |  2.0

Action                   |  1- 3 |  4- 6 |  7- 9 || total
-------------------------+-------+-------+-------++-------
Melee: Unarmed           |    50 |    64 |    13 ||   127
       Kick              |    13 |     4 |       ||    17
       Constrict         |    11 |     5 |       ||    16
       Tentacles         |     6 |     4 |       ||    10
       Punch             |     1 |       |       ||     1
Throw: Boomerang         |    10 |    85 |       ||    95
 Cast: Beastly Appendage |     9 |     4 |       ||    13
       Spider Form       |     2 |    10 |     3 ||    15
  Use: Potion            |     2 |       |       ||     2
       Scroll            |       |     3 |       ||     3
 Stab: Sleeping          |     3 |     1 |       ||     4
Armor: Skin              |     5 |     8 |     2 ||    15
Dodge: Dodged            |    32 |    56 |    36 ||   124

Levels and vault maps discovered:
D:1:      mushboom_english_gardens, layout_basic, basic_ecumenical_altar
D:2:      layout_basic, basic_altar, minmay_pentomino_x2, uniq_sigmund
D:3:      layout_basic, lemuel_tele_altar, mainiacjoe_overflow_alcove_1,
          kennysheep_small_spiral, uniq_natasha, uniq_terence
D:4:      layout_gridville, bloody_makhleb, nicolae_grassy_gnolls, uniq_edmund

Notes
Turn   | Place    | Note
-------+----------+-------------------------------------------
     0 | D:1      | Crownlay the Octopode Transmuter began the quest for the
                  | Orb.
     0 | D:1      | Reached XP level 1. HP: 13/13 MP: 3/3
   203 | D:1      | Reached XP level 2. HP: 9/18 MP: 5/5
   628 | D:1      | Reached skill level 1 in Poison Magic
   632 | D:1      | HP: 1/18 [gnoll/+0 whip (6)]
   634 | D:1      | Reached XP level 3. HP: 2/23 MP: 6/6
   639 | D:1      | Learned a level 3 spell: Spider Form
  1069 | D:1      | Found a faded altar of an unknown god.
  1290 | D:2      | Noticed Sigmund
  1306 | D:2      | HP: 4/23 [Sigmund/puff of flame (2)]
  1313 | D:2      | Killed Sigmund
  1314 | D:2      | Reached skill level 3 in Spellcasting
  1314 | D:2      | Reached skill level 3 in Transmutations
  1314 | D:2      | Reached skill level 2 in Poison Magic
  1314 | D:2      | Reached XP level 4. HP: 13/28 MP: 0/9
  1314 | D:2      | Reached XP level 5. HP: 15/33 MP: 0/10
  1480 | D:2      | Found a stormy altar of Qazlal.
  1490 | D:2      | You pick up a book of Changes and begin reading...
  1679 | D:2      | Identified a scroll of acquirement
  1769 | D:2      | Acquired the +2 hat of Shielding {Str+4}
  2411 | D:3      | Found a hazy altar of Hepliaklqana.
  2600 | D:3      | Noticed Terence
  2612 | D:3      | Killed Terence
  2613 | D:3      | Reached XP level 6. HP: 28/38 MP: 5/11
  2769 | D:3      | Noticed Natasha
  2787 | D:3      | Killed Natasha
  2788 | D:3      | Reached skill level 4 in Unarmed Combat
  2788 | D:3      | Reached skill level 4 in Spellcasting
  2973 | D:3      | Reached skill level 3 in Poison Magic
  2980 | D:3      | HP: 9/38 [poisoned by a scorpion]
  3550 | D:3      | Found a bloodstained altar of Trog.
  3625 | D:3      | Noticed Natasha
  3638 | D:3      | Killed Natasha
  3792 | D:3      | You pick up a book of Displacement and begin reading...
  3792 | D:3      | You add the spells Lesser Beckoning, Gell's Gravitas and
                  | Teleport Other to your library.
  4124 | D:3      | Noticed Natasha
  4132 | D:3      | Killed Natasha
  4439 | D:4      | Reached XP level 7. HP: 41/43 MP: 9/13
  4702 | D:3      | HP: 1/43 [poisoned by a gnoll sergeant]
  4703 | D:3      | Succumbed to a gnoll sergeant's poison

Vanquished Creatures
  Sigmund (D:2)
  A scorpion (D:3)
  2 hounds
  An iguana (D:4)
  Terence (D:3)
  Natasha (thrice) (D:3)
  5 gnolls
  2 adders (D:3)
  A worm (D:3)
  4 dart slugs
  An orc (D:3)
  5 ball pythons
  7 bats
  6 endoplasms
  4 giant cockroaches
  5 goblins
  4 hobgoblins
  2 jackals (D:1)
  2 frilled lizards (D:1)
  4 kobolds
  4 rats
65 creatures vanquished.

Vanquished Creatures (others)
  13 plants (D:4)
13 creatures vanquished.

Grand Total: 78 creatures vanquished

Table legend:
 A = Non-vault XP
 B = Vault XP
 C = Vault XP percentage of total XP
 D = Non-vault monster count
 E = Vault monster count
 F = Vault count percentage of total count
                 A         B        C        D         E       F
            +---------+---------+-------+---------+---------+-------
      Total |     450 |     303 |  40.2 |      59 |       6 |   9.2
            +---------+---------+-------+---------+---------+-------
        D:1 |      48 |       0 |   0.0 |      18 |       0 |   0.0
        D:2 |      25 |     218 |  89.7 |      13 |       3 |  18.8
        D:3 |     288 |      85 |  22.8 |      25 |       3 |  10.7
        D:4 |      89 |       0 |   0.0 |       3 |       0 |   0.0
            +---------+---------+-------+---------+---------+-------

Illustrated notes

Table legend:
 A = Kills in this place as a percentage of kills in entire the game.
 B = Kills by you in this place as a percentage of kills by you in the entire game.
 C = Kills by friends in this place as a percentage of kills by friends in the entire game.
 D = Other kills in this place as a percentage of other kills in the entire game.
 E = Experience gained in this place as a percentage of experience gained in the entire game.
 F = Experience gained in this place divided by the number of levels of this place that you have seen.
                   A       B       C       D       E      F
               +-------+-------+-------+-------+-------+----------------------
         Total | 100.0 | 100.0 |   N/A |   N/A | 100.0 | 188.2
       Dungeon | 100.0 | 100.0 |   N/A |   N/A | 100.0 | 188.2
               +-------+-------+-------+-------+-------+----------------------

Table legend: (Time is in decaauts)
 A = Elapsed time spent in this place.
 B = Non-inter-level travel time spent in this place.
 C = Inter-level travel time spent in this place.
 D = Time resting spent in this place.
 E = Time spent auto-exploring this place.
 F = Levels seen in this place.
 G = Mean time per level.
                   A        B        C        D        E       F      G
               +--------+--------+--------+--------+--------+-----+--------+
         Total |   4723 |   4610 |    113 |     72 |   3948 |   4 | 1180.8 |
       Dungeon |   4723 |   4610 |    113 |     72 |   3948 |   4 | 1180.8 |
               +--------+--------+--------+--------+--------+-----+--------+

Top non-repeatable levels by time:
     D:3: 2371 daAuts
     D:1: 1226 daAuts
     D:2: 1016 daAuts
     D:4: 109 daAuts
